AoeStats
← Cheario

Nomad

509288758Analyzed
3v3 RM · 6d ago on Sep 26, 2026· 40m 3s· 6 players
Game mode
Random Map
Map size
210×210
Population
200
Speed
Normal
Resources
Standard
Victory
Conquest
Starting age
Dark Age
Ending age
Imperial Age
RankedLock teamsTeams togetherTeam positionsShared explorationLock speedFull tech treeHidden civsTurbo modeCheats
Victory
Defeat
🇺🇸 Varangians · United States
1221
+14
🇺🇸 Saxons · United States
1213
+14
🇺🇸 Danes · United States
1211
+15
🇨🇴 Hindustanis · Colombia
1444
-23
🇨🇴 Persians · Colombia
1134
-13
🇨🇴 Malay · Colombia
960
-7
FC_YeyeAge10
3:44 Loom
15:46 Feudal Age
16:48 Double-Bit Axe
16:50 Town Watch
20:00 Castle Age
20:50 Scale Mail Armor
24:01 Chain Mail Armor
23:57 Arson
24:19 Squires
26:23 Forging
28:40 Scale Barding Armor
29:35 Husbandry
29:47 Horse Collar
31:08 Bloodlines
33:13 Chain Barding Armor
36:11 Fletching
38:44 Iron Casting
38:33 Gold Mining
FC_Satuplese
3:37 Loom
15:14 Feudal Age
15:05 Fishing Lines
15:34 Double-Bit Axe
19:58 Gold Mining
20:30 Fletching
20:55 Forging
23:22 Castle Age
23:25 Medium Warships
27:36 Wheelbarrow
28:28 Gillnets
29:29 Horse Collar
32:05 Husbandry
32:46 Fletching
35:13 Light Cavalry
38:49 Bodkin Arrow
FC_CamShaca
3:41 Loom
14:17 Feudal Age
14:34 Fishing Lines
15:06 Town Watch
19:47 Castle Age
18:21 Double-Bit Axe
21:15 Wheelbarrow
20:45 Fletching
21:23 Bodkin Arrow
24:36 Hand Cart
24:38 Horse Collar
26:42 Bloodlines
26:40 Scale Barding Armor
29:58 Forging
30:02 Heavy Plow
SirH
4:01 Loom
16:23 Feudal Age
22:50 Castle Age
21:26 Scale Barding Armor
24:52 Wheelbarrow
24:07 Town Watch
24:15 Double-Bit Axe
24:20 Horse Collar
25:19 Squires
25:07 Arson
25:26 Scale Mail Armor
26:31 Bow Saw
30:23 Chain Mail Armor
39:57 Forging
Cheario
5:17 Loom
14:17 Feudal Age
15:15 Double-Bit Axe
17:36 Wheelbarrow
18:03 Gold Mining
20:15 Castle Age
18:08 Stone Mining
18:43 Fishing Lines
22:49 Hand Cart
23:21 Gold Shaft Mining
25:00 Horse Collar
26:08 Fletching
27:35 Bodkin Arrow
27:55 Town Watch
28:33 Heavy Plow
33:39 Imperial Age
31:22 Squires
31:37 Gillnets
33:27 Scale Mail Armor
34:44 Bow Saw
35:23 Chain Mail Armor
35:18 Forging
36:06 Elite Varangian Guard
38:23 Chemistry
39:54 Plate Mail Armor
38:47 Shield Wall
40:39 Iron Casting
Mordon327
5:01 Loom
13:36 Feudal Age
15:24 Wheelbarrow
16:54 Double-Bit Axe
20:38 Forging
22:32 Castle Age
22:24 Bloodlines
23:12 Forging
23:53 Bow Saw
25:09 Hand Cart
29:48 Husbandry
32:53 Gold Mining
32:55 Stone Mining
36:54 Iron Casting
36:34 Scale Barding Armor
37:24 Pikeman
38:21 Scale Mail Armor
42:47 Imperial Age
40:03 Town Watch
Connection lost

Rejoining the realm…

Still unreachable

The connection could not be restored.

Session expired

The server has moved on; the page needs a fresh start.